 Seeded DCSS version 0.30.1-9-gdf580d7c3d (webtiles) character file.

Game seed: 2394977854812512649 (custom seed)

35 Psyclone the Conjurer (level 3, 22/22 HPs)
             Began as a Deep Elf Conjurer on Oct 12, 2023.
             Quit the game in the Ecumenical Temple.
             The game lasted 00:01:20 (437 turns).

Psyclone the Conjurer (Deep Elf Conjurer)            Turns: 437, Time: 00:01:21

Health: 22/22      AC:  2    Str:  4    XL:     3   Next: 16%
Magic:  9/9        EV: 12    Int: 24    God:
Gold:   2621       SH:  0    Dex: 13    Spells: 5/8 levels left

rFire   . . .        c - +2 dagger (elec)
rCold   . . .        (no shield)
rNeg    . . .        a - +0 robe
rPois   .            (no helmet)
rElec   .            (no cloak)
rCorr   .            (no gloves)
SInv    .            (no boots)
Will    .....        (no amulet)
Stlth   ++           (no ring)
HPRegen 0.23/turn    (no ring)
MPRegen 0.11/turn

%: no passive effects
@: no status effects
A: robust 2, evolution 2, no potion heal 1
a: no special abilities


You were in the Ecumenical Temple.
You visited 2 branches of the dungeon, and saw 6 of its levels.

You collected 2621 gold pieces.

Inventory:

Hand Weapons
 c - a +2 dagger of electrocution (weapon)
Armour
 a - a +0 robe (worn)
Scrolls
 d - a scroll of identify {unknown}
Potions
 b - a potion of magic
 e - a potion of lignification {unknown}
 f - a potion of brilliance {unknown}


   Skills:
 - Level 2.4 Dodging
 - Level 2.4 Stealth
 - Level 3.0 Spellcasting
 + Level 5.6 Conjurations


You had 5 spell levels left.
You knew the following spells:

 Your Spells              Type           Power      Damage    Failure   Level
a - Magic Dart            Conj           100%       1d8       1%          1
b - Searing Ray           Conj           60%        2d6       1%          2

Your spell library contained the following spells:

 Spells                   Type           Power      Damage    Failure   Level
 Dazzling Flash           Conj/Hex       34%        N/A       11%         3
 Fulminant Prism          Conj/Hex       8%         3d7       34%         4
 Iskenderun's Mystic Bla  Conj/Tloc      17%        2d5       34%         4


Dungeon Overview and Level Annotations

Branches:
Dungeon (5/15) Zot: 26976  Temple (1/1) D:5 Zot: 5942

Altars:
Dithmenos
Xom

Shops:
D:2 !


Innate Abilities, Weirdness & Mutations

You are very robust. (+20% HP)
You have great hidden genetic potential.
Potions are less effective at restoring your health.


Message History

The gnoll hits you with a +0 club.
You take 4 damage, and have 14/18 hp.
MASSIVE DAMAGE!!
You now have 4/8 mp.
The searing ray hits the gnoll!
You kill the gnoll!
The searing ray hits the gnoll!
The gnoll is severely wounded.
You finish channelling your searing ray.
You now have 3/8 mp.
Casting: Searing Ray (safe; 1% risk of failure)
Confirm with . or Enter, or press ? or * to list all spells.
Aiming: Searing Ray (safe; 1% risk of failure)
Press: ? - help, Shift-Dir - straight line, f - gnoll
Aim: a gnoll, wielding a +0 spear (severely wounded, 82% to hit)
The searing ray hits the gnoll.
You kill the gnoll! (Press . to maintain the ray.)
You have reached level 3!
Your experience leads to an increase in your attributes!
Increase (S)trength, (I)ntelligence, or (D)exterity?
You feel clever. x2
You regained 3 hp, and now have 17/22 hp.
You now have 1/9 mp.
You start resting.
A gnoll comes into view. It is wielding a +0 halberd.
You open the door.
Found a staircase to the Ecumenical Temple.
There is an open door here.
There is a staircase to the Ecumenical Temple here.
You climb downwards.
Welcome to the Ecumenical Temple!
There is a staircase back to the Dungeon here.
You start resting.
HP restored.
Health restored: 22 You start resting.
Magic restored.
MP restored: 9
Found a shimmering altar of Xom and a shadowy altar of Dithmenos.
Unknown command.
Unknown command.
Are you sure you want to abandon this character and quit the game? (Confirm with "yes".)

## ... ## #_.
#.# ._# ..# #.#
#.. #.# #.# #.#
.# #.##.##.# #.
#..##.#.#.##..#
#.........#
##..@..##
####.......####
.......<.......
####.......####
##.....##
...#.#...
.##.#.#.##. #
.##.##. # .#
#.# #.


There were no monsters in sight!

Vanquished Creatures
  2 gnolls (D:5)
  An orc (D:3)
  2 ball pythons
  2 endoplasms (D:1)
  A giant cockroach (D:1)
  2 goblins
  A hobgoblin (D:1)
  A bat (D:1)
  A frilled lizard (D:2)
  2 rats
15 creatures vanquished.

Notes
Turn   | Place    | Note
-------+----------+-------------------------------------------
     0 | D:1      | Psyclone the Deep Elf Conjurer began the quest for the Orb.
     0 | D:1      | Reached XP level 1. HP: 10/10 MP: 6/6
    21 | D:1      | Identified a scroll of acquirement
    21 | D:1      | Acquired 1272 gold pieces
   102 | D:1      | Reached XP level 2. HP: 15/15 MP: 5/8
   105 | D:1      | Learned a level 2 spell: Searing Ray
   173 | D:2      | Reached skill level 5 in Conjurations
   174 | D:2      | Found Utwiat's Distillery.
   254 | D:3      | Gained mutation: You are robust. (+10% HP) [potion of
                  | mutation]
   254 | D:3      | Gained mutation: You are very robust. (+20% HP) [potion of
                  | mutation]
   254 | D:3      | Gained mutation: You are agile. (Dex +4, Str/Int -1)
                  | [potion of mutation]
   254 | D:3      | Gained mutation: You have hidden genetic potential. [potion
                  | of mutation]
   263 | D:3      | Lost mutation: You are very robust. (+20% HP) [potion of
                  | mutation]
   263 | D:3      | Lost mutation: You are agile. (Dex +4, Str/Int -1) [potion
                  | of mutation]
   263 | D:3      | Gained mutation: Potions are less effective at restoring
                  | your health. [potion of mutation]
   263 | D:3      | Gained mutation: You have great hidden genetic potential.
                  | [potion of mutation]
   263 | D:3      | Gained mutation: You are very robust. (+20% HP) [potion of
                  | mutation]
   324 | D:3      | Acquired 1296 gold pieces
   350 | D:4      | Noticed an ice beast
   355 | D:5      | Entered Level 5 of the Dungeon
   367 | D:5      | Reached XP level 3. HP: 17/22 MP: 1/9
   370 | D:5      | Found a staircase to the Ecumenical Temple.
   379 | Temple   | Entered the Ecumenical Temple
   437 | Temple   | Quit the game

Illustrated notes

Levels and vault maps discovered:
D:1:      saegor_arrival_simple_c, layout_rooms
D:2:      layout_basic, serial_shops, shop, uniq_sigmund
D:3:      layout_basic, marbit_many_paths, serial_curves, eino_curves_01,
          eino_curves_03
D:4:      layout_cave_pools, kennysheep_mini_moat, dk_noncrumbling_3
D:5:      layout_gridville, mainiacjoe_overflow_alcove_1,
          minmay_temple_entry_grid, grunt_decor_arrowhead,
          uniq_crazy_yiuf_cottage
Temple:   hellmonk_temple_flake

Skill      XL: |  1  2 |
---------------+-------+-----
Conjurations   | 5 |  5.6
Dodging        | |  2.4
Stealth        | |  2.4
Spellcasting   | |  3.0

Action                     || total
---------------------------++-------
   Cast: Magic Dart        ||    13
         Searing Ray       ||     2
    Use: Scroll            ||     2
         Potion            ||     2
